 Dungeon Crawl Stone Soup version 0.31-a0-175-g9f7f995f2b (webtiles) character file.

Game seed: 15563812826436769450

2183 qw the Cleaver (level 9, -3/55 HPs)
             Began as a Gargoyle Fighter on June 16, 2023.
             Was a Follower of Okawaru.
             Slain by Maggie
             ... wielding a +1 long sword of flaming
              (5 damage)
             ... on level 7 of the Dungeon.
             The game lasted 00:02:48 (5730 turns).

qw the Cleaver (Gargoyle Fighter)                   Turns: 5730, Time: 00:02:48

Health: -3/55      AC: 21    Str: 25    XL:     9   Next: 33%
Magic:  10/11      EV:  9    Int:  8    God:    Okawaru [*.....]
Gold:   151        SH: 11    Dex:  9    Spells: 8/8 levels left

rFire   . . .        Y - +5 war axe
rCold   + . .        b - +0 kite shield {rN+}
rNeg    + + .        a - +0 chain mail {rC+}
rPois   inf          (no helmet)
rElec   +            f - +1 cloak
rCorr   .            (no gloves)
SInv    .            t - +0 pair of boots
Will    +....        (no amulet) Stlth
                     n - ring of willpower
HPRegen 0.29/turn    h - +4 ring of slaying {mikee}
MPRegen 0.12/turn

%: no passive effects
@: about to teleport, heroic, mesmerised
A: sickness immunity, AC +6, negative energy resistance 1, electricity
resistance, torment resistance 1, petrification resistance
a: Renounce Religion, Heroism


You were on level 7 of the Dungeon.
You worshipped Okawaru.
Okawaru was aware of your devotion.
You visited 2 branches of the dungeon, and saw 8 of its levels.

You collected 433 gold pieces.
You spent 282 gold pieces at shops.


Innate Abilities, Weirdness & Mutations

You are immune to sickness and miasma.
Your stone body is resilient. (AC +6)
You are immune to poison.
You resist negative energy. (rN+)
You are resistant to electric shocks. (rElec)
You are resistant to unholy torment.
You are immune to petrification.


   Skills:
 - Level 6.1(11.1) Fighting
 - Level 9.0(14.0) Axes
 - Level 3.2(8.2) Armour
 - Level 1.0(6.0) Dodging
 + Level 6.1(11.1) Shields
 + Level 2.7 Invocations


You had 8 spell levels left.
You didn't know any spells.
Your spell library was empty.

Inventory:

Hand Weapons
 p - a +0 flail
 Y - a +5 war axe (weapon)
Armour
 a - a +0 chain mail of cold resistance (worn)
 b - a +0 kite shield of positive energy (worn)
 f - a +1 cloak (worn)
 t - a +0 pair of boots (worn)
Jewellery
 c - an amulet of magic regeneration
 h - a +4 ring of slaying (right hand) {mikee}
 m - a ring of resist corrosion
 n - a ring of willpower (left hand)
Scrolls
 g - a scroll of identify
 l - 2 scrolls of teleportation
Potions
 d - a potion of might
 e - 2 potions of heal wounds
 i - a potion of curing
 j - a potion of haste
 k - 2 potions of lignification
 o - a potion of cancellation
 q - a potion of brilliance {unknown}
 r - a potion of magic
 s - a potion of degeneration {unknown}

Dungeon Overview and Level Annotations

Branches:
Dungeon (7/15)             Temple (1/1) D:5

Altars:
Ashenzari
Fedhas
Hepliaklqana
Kikubaaqudgha
Nemelex Xobeh
Okawaru
Trog
Wu Jian
Xom
Yredelemnul
Zin
The Shining One

Shops:
D:5 [   D:6 *

Annotations:
D:7 3 runed translucent doors, Joseph; Maggie; qw's ghost, novice GrFi


Message History

The orc barely misses you. Joseph hits you but does no damage.
You slash Maggie!
Maggie is almost dead.
You hit Joseph. You barely miss the orc.
Maggie hits you with a +1 long sword of flaming!
Maggie burns you. The orc hits you but does no damage.
Joseph hits you but does no damage.
You hit Maggie.
Maggie is almost dead.
You hit the orc. You slash Joseph!
Maggie gives herself a magical halo, but it quickly sputters out.
Maggie drinks a potion.
Maggie is healed!
You block the orc's attack. Joseph hits you but does no damage.
You barely miss the orc.
The orc is almost dead.
You slash Maggie! You barely miss Joseph. You block the orc's attack.
Maggie closely misses you.
You slash the orc!
You kill the orc!
Okawaru accepts your kill.
You hit Maggie. You slash Joseph! Joseph hits you with a +0 quarterstaff.
Maggie mumbles some strange words.
Maggie attempts to bespell you!
You are mesmerised by Maggie!
You barely miss Maggie.
Maggie is severely wounded.
You barely miss Joseph. Joseph barely misses you.
You slice Maggie!!
Maggie is almost dead.
You slash Joseph!
Maggie points at you and mumbles some strange words.
The bolt of fire misses you. Joseph hits you with a +0 quarterstaff.
5730 ||| READING 3 scrolls of teleportation.
As you read the scroll of teleportation, it crumbles to dust.
You feel strangely unstable.
Maggie hits you with a +1 long sword of flaming!
Maggie burns you.
You die...

#.# #.# .#..
####)#####.# .#.#
......@....# ###.#.#
####.####### #.....####
.#...####### #.#.......
.#.........# #.#....##
##......)..####.#)....#.
................@@).>...
###........####.#@..#.##
#........# #.#.#...#
#........# #.#.# ###
########## #.#.# #.#.#
#.#.# #...#


You could see Joseph and Maggie (mesmerising).

Vanquished Creatures
  A steam dragon (D:7)
  A water moccasin (D:3)
  An ice beast (D:5)
  2 black bears (D:5)
  A sky beast (D:7)
  2 ogres (D:5)
  3 centaurs
  A phantom (D:4)
  2 kobold brigands
  A bullfrog (D:7)
  A scorpion (D:6)
  3 howler monkeys
  A gnoll bouda (D:4)
  3 orc priests
  2 hounds
  A sleepcap (D:7)
  4 iguanas
  3 orc wizards
  2 scorpion zombies (D:5)
  Terence (D:2)
  2 hound zombies (D:5)
  7 gnolls
  4 adders
  A white imp (D:5)
  2 ufetubi
  An adder zombie (D:5)
  3 worms
  12 orcs
  7 ball pythons
  4 endoplasms
  4 giant cockroaches
  10 goblins
  8 hobgoblins
  7 jackals
  14 kobolds
  3 quokkas
  6 bats
  A frilled lizard (D:2)
  4 rats
136 creatures vanquished.

Vanquished Creatures (others)
  An orc (D:7)
1 creature vanquished.

Grand Total: 137 creatures vanquished

Notes
Turn   | Place    | Note
-------+----------+-------------------------------------------
     0 | D:1      | qw the Gargoyle Fighter began the quest for the Orb.
     0 | D:1      | Reached XP level 1. HP: 14/14 MP: 1/1
     0 | D:1      | 0 ||| qw: Version: 0.2-a-29-g511e9b1
     0 | D:1      | 0 ||| qw: Game counter: 5689
     0 | D:1      | 0 ||| qw: Always use a shield: true
     0 | D:1      | 0 ||| qw: God list: Okawaru
     0 | D:1      | 0 ||| qw: Allow faded altars: false
     0 | D:1      | 0 ||| qw: Do Orc after D:15 true
     0 | D:1      | 0 ||| qw: Do second Lair branch before Depths: true
     0 | D:1      | 0 ||| qw: Lair rune preference: random
     0 | D:1      | 0 ||| qw: Plans: Normal, Zot:1-4, Slime:5, God:TSO, Crypt,
                  | Tomb, Abyss, Pan, Hells, Win
     0 | D:1      | 0 ||| PLANNING D:1-11
    46 | D:1      | Reached skill level 2 in Axes
   106 | D:1      | Reached XP level 2. HP: 19/19 MP: 2/2
   233 | D:1      | You fall into a shaft and drop 1 floor!
   286 | D:2      | Found a broken altar of Ashenzari.
   290 | D:2      | 290 ||| UPGRADING to +1 cloak.
   295 | D:2      | 295 ||| READING scroll labelled IQUPLA CEREM.
   295 | D:2      | Identified a scroll of acquirement
   295 | D:2      | 295 ||| ACQUIRING ring of resist corrosion
   295 | D:2      | Acquired a ring of resist corrosion
   297 | D:2      | 297 ||| UPGRADING to ring of resist corrosion.
   298 | D:2      | 298 ||| READING 2 scrolls labelled EFO XOGEIPLE.
   547 | D:1      | Reached skill level 3 in Axes
   558 | D:1      | Reached XP level 3. HP: 23/23 MP: 3/3
  1027 | D:1      | 1027 ||| READING scroll labelled ZIFI TUESUTYE.
  1028 | D:1      | 1028 ||| DRINKING 4 fizzy silvery potions.
  1090 | D:2      | 1090 ||| Stepping ~*~*~tactically~*~*~ (stealth).
  1091 | D:2      | 1091 ||| Stepping ~*~*~tactically~*~*~ (stealth).
  1093 | D:2      | 1093 ||| Stepping ~*~*~tactically~*~*~ (stealth).
  1095 | D:2      | 1095 ||| Stepping ~*~*~tactically~*~*~ (stealth).
  1096 | D:2      | 1096 ||| Stepping ~*~*~tactically~*~*~ (stealth).
  1110 | D:2      | 1110 ||| Stepping ~*~*~tactically~*~*~ (stealth).
  1121 | D:2      | 1121 ||| Stepping ~*~*~tactically~*~*~ (hiding).
  1233 | D:2      | 1233 ||| Stepping ~*~*~tactically~*~*~ (stealth).
  1236 | D:2      | 1236 ||| Stepping ~*~*~tactically~*~*~ (stealth).
  1237 | D:2      | 1237 ||| Stepping ~*~*~tactically~*~*~ (stealth).
  1261 | D:2      | 1261 ||| Stepping ~*~*~tactically~*~*~ (stealth).
  1361 | D:2      | Noticed Terence
  1371 | D:2      | Killed Terence
  1372 | D:2      | Reached skill level 4 in Axes
  1372 | D:2      | Reached XP level 4. HP: 26/28 MP: 4/4
  1602 | D:2      | 1602 ||| DRINKING 2 brown potions.
  1821 | D:3      | 1821 ||| DROPPING +0 mace.
  1981 | D:3      | Found a blossoming altar of Fedhas.
  2046 | D:3      | 2046 ||| Stepping ~*~*~tactically~*~*~ (stealth).
  2047 | D:3      | 2047 ||| Stepping ~*~*~tactically~*~*~ (stealth).
  2048 | D:3      | 2048 ||| Stepping ~*~*~tactically~*~*~ (stealth).
  2057 | D:3      | Reached XP level 5. HP: 32/32 MP: 5/5
  2318 | D:3      | 2318 ||| UPGRADING to +4 ring of slaying {mikee}.
  2319 | D:3      | 2319 ||| READING scroll labelled LUNUEL SESCH.
  2332 | D:3      | 2332 ||| READING 2 scrolls labelled PECKOX UCUKHE.
  2333 | D:3      | 2333 ||| READING scroll of enchant weapon.
  2333 | D:3      | 2333 ||| ENCHANTING +1 war axe.
  2334 | D:3      | 2334 ||| READING 2 scrolls labelled KES QOR TYDUQ.
  2335 | D:3      | 2335 ||| READING scroll labelled ZUPETY XACOEXT.
  2336 | D:3      | 2336 ||| READING 3 scrolls labelled ODYMPA JAWO.
  2337 | D:3      | 2337 ||| DRINKING 2 bubbling purple potions.
  2390 | D:3      | 2390 ||| DROPPING scroll of fear.
  2391 | D:3      | 2391 ||| DROPPING 2 scrolls of vulnerability.
  2408 | D:4      | Noticed a water moccasin
  2411 | D:4      | 2411 ||| STAIRDANCE
  2417 | D:3      | Killed a water moccasin
  2418 | D:3      | Reached skill level 5 in Axes
  2418 | D:3      | Reached XP level 6. HP: 29/37 MP: 6/6
  2507 | D:4      | 2507 ||| Stepping ~*~*~tactically~*~*~ (stealth).
  2573 | D:4      | Reached skill level 1 in Dodging
  2674 | D:4      | 2674 ||| Stepping ~*~*~tactically~*~*~ (stealth).
  2687 | D:4      | Reached XP level 7. HP: 44/44 MP: 7/7
  2702 | D:4      | 2702 ||| Stepping ~*~*~tactically~*~*~ (stealth).
  2707 | D:4      | Reached skill level 6 in Axes
  2707 | D:4      | 2707 ||| Stepping ~*~*~tactically~*~*~ (hiding).
  2708 | D:4      | 2708 ||| Stepping ~*~*~tactically~*~*~ (hiding).
  2709 | D:4      | 2709 ||| Stepping ~*~*~tactically~*~*~ (hiding).
  2786 | D:4      | 2786 ||| Stepping ~*~*~tactically~*~*~ (stealth).
  2858 | D:4      | 2858 ||| Stepping ~*~*~tactically~*~*~ (stealth).
  3198 | D:4      | 3198 ||| READING scroll labelled XYICOTYVYX.
  3202 | D:4      | 3202 ||| DRINKING 2 black potions.
  3203 | D:4      | 3203 ||| DROPPING potion of invisibility.
  3217 | D:5      | Entered Level 5 of the Dungeon
  3287 | D:5      | Reached skill level 7 in Axes
  3463 | D:5      | 3463 ||| Stepping ~*~*~tactically~*~*~ (hiding).
  3470 | D:5      | Reached XP level 8. HP: 39/50 MP: 8/8
  3552 | D:5      | Found a basalt altar of Yredelemnul.
  3622 | D:5      | Reached skill level 8 in Axes
  3872 | D:5      | Found Ucaca's Antique Armour Shoppe.
  3876 | D:5      | Found a staircase to the Ecumenical Temple.
  3877 | D:5      | 3877 ||| PLANNING TEMPLE
  3877 | D:5      | 3877 ||| UPGRADING to +0 chain mail.
  3887 | D:5      | 3887 ||| DROPPING +0 scale mail.
  3888 | D:5      | 3888 ||| UPGRADING to ring of willpower.
  3890 | D:5      | 3890 ||| READING scroll labelled TONLYT ZAAT.
  3891 | D:5      | 3891 ||| DRINKING 2 metallic yellow potions.
  3996 | D:5      | 3996 ||| DRINKING 2 sapphire potions.
  3997 | D:5      | 3997 ||| READING 3 scrolls of identify.
  3997 | D:5      | 3997 ||| IDENTIFYING bubbling puce potion
  3998 | D:5      | 3998 ||| READING 2 scrolls of identify.
  3998 | D:5      | 3998 ||| IDENTIFYING silvery potion
  3999 | D:5      | 3999 ||| DROPPING potion of berserk rage.
  4001 | D:5      | 4001 ||| BUYING glowing chain mail (172 gold).
  4001 | D:5      | Bought a glowing chain mail for 172 gold pieces
  4001 | D:5      | 4001 ||| SHOPLISTING pair of runed boots (172 gold, have
                  | 160).
  4001 | D:5      | 4001 ||| SHOPLISTING runed plate armour (598 gold, have
                  | 160).
  4016 | D:5      | 4016 ||| UPGRADING to +0 chain mail of cold resistance.
  4026 | D:5      | 4026 ||| DROPPING +0 chain mail.
  4034 | Temple   | Entered the Ecumenical Temple
  4049 | Temple   | 4049 ||| PLANNING OKAWARU WORSHIP
  4106 | Temple   | Became a worshipper of Warmaster Okawaru
  4107 | Temple   | 4107 ||| PLANNING D:1-11
  4191 | D:5      | 4191 ||| Stepping ~*~*~tactically~*~*~ (stealth).
  4197 | D:5      | Reached skill level 6 in Fighting
  4198 | D:5      | 4198 ||| Stepping ~*~*~tactically~*~*~ (hiding).
  4200 | D:5      | 4200 ||| Stepping ~*~*~tactically~*~*~ (hiding).
  4356 | D:6      | Found Galym's General Store.
  4368 | D:6      | 4368 ||| READING 3 scrolls of enchant weapon.
  4368 | D:6      | 4368 ||| ENCHANTING +2 war axe.
  4369 | D:6      | 4369 ||| READING 2 scrolls of enchant weapon.
  4369 | D:6      | 4369 ||| ENCHANTING +3 war axe.
  4370 | D:6      | 4370 ||| READING scroll of enchant weapon.
  4370 | D:6      | 4370 ||| ENCHANTING +4 war axe.
  4376 | D:6      | 4376 ||| BUYING +0 kite shield of positive energy (110
                  | gold).
  4376 | D:6      | Bought a +0 kite shield of positive energy for 110 gold
                  | pieces
  4376 | D:6      | 4376 ||| SHOPLISTING ring of resist corrosion (260 gold,
                  | have 50).
  4487 | D:6      | 4487 ||| Stepping ~*~*~tactically~*~*~ (hiding).
  4735 | D:6      | 4735 ||| Stepping ~*~*~tactically~*~*~ (hiding).
  4873 | D:6      | Reached skill level 9 in Axes
  5143 | D:6      | 5143 ||| UPGRADING to +0 kite shield of positive energy.
  5153 | D:6      | 5153 ||| DROPPING +0 buckler.
  5154 | D:6      | 5154 ||| UPGRADING to +0 pair of boots.
  5185 | D:7      | Found a runed translucent gate.
  5185 | D:7      | Found a runed translucent gate.
  5185 | D:7      | Found a runed translucent gate.
  5190 | D:7      | Noticed qw's ghost (novice GrFi)
  5206 | D:7      | Reached * piety under Okawaru
  5207 | D:7      | Reached XP level 9. HP: 38/55 MP: 9/9
  5207 | D:7      | 5207 ||| Stepping ~*~*~tactically~*~*~ (cloud).
  5287 | D:7      | Noticed Joseph
  5297 | D:7      | 5297 ||| INVOKING Heroism.
  5302 | D:7      | HP: 7/55 [Joseph/+0 quarterstaff (8)]
  5303 | D:7      | 5303 ||| READING 2 scrolls of teleportation.
  5304 | D:7      | 5304 ||| DRINKING 3 potions of heal wounds.
  5304 | D:7      | Noticed Maggie
  5418 | D:7      | Reached skill level 1 in Invocations
  5533 | D:7      | 5533 ||| Stepping ~*~*~tactically~*~*~ (hiding).
  5665 | D:7      | Reached skill level 6 in Shields
  5703 | D:7      | 5703 ||| Stepping ~*~*~tactically~*~*~ (stealth).
  5704 | D:7      | 5704 ||| Stepping ~*~*~tactically~*~*~ (stealth).
  5706 | D:7      | 5706 ||| Stepping ~*~*~tactically~*~*~ (stealth).
  5716 | D:7      | 5716 ||| INVOKING Heroism.
  5729 | D:7      | HP: 11/55 [Joseph/+0 quarterstaff (4)]
  5730 | D:7      | 5730 ||| READING 3 scrolls of teleportation.
  5730 | D:7      | HP: 2/55 [Maggie/+1 long sword of flaming (10)]
  5730 | D:7      | Slain by Maggie

Levels and vault maps discovered:
D:1:      amcnicky_arrival_feature_with_door, layout_basic
D:2:      layout_basic, basic_altar, uniq_terence
D:3:      layout_loops_cross, general_overflow_altar
D:4:      layout_basic, minmay_crossroads
D:5:      layout_basic, nicolae_yredelemnul_corpse_copse,
          minmay_temple_entry_overgrown, serial_shops, shop
D:6:      layout_loops_ring, minmay_shop_grid_forest
D:7:      layout_basic, ebering_ghost_rock_garden, serial_bayou_pond_c,
          uniq_joseph, uniq_maggie
Temple:   eino_temple_lava

Skill      XL: |  1  2  3  4  5  6  7  8  9 |
---------------+----------------------------+-----
Axes           | 2 3 4 5 7 9 |  9.0
Fighting       | 4 5 6 |  6.1
Dodging        | 1 |  1.0
Shields        | 4 6 |  6.1
Invocations    | 2 |  2.7
Armour         | |  3.2

Action                     |  1- 3 |  4- 6 |  7- 9 || total
---------------------------+-------+-------+-------++-------
  Melee: War axe           |   104 |    92 |   215 ||   411
 Invoke: Heroism           |       |       |     2 ||     2
    Use: Scroll            |     3 |     6 |     9 ||    18
         Potion            |     1 |     2 |     4 ||     7
 Armour: Scale mail        |    58 |    51 |    61 ||   170
         Chain mail        |       |       |    52 ||    52
  Dodge: Dodged            |    62 |    40 |    69 ||   171
  Block: Buckler           |    22 |    11 |    19 ||    52
         Kite shield       |       |       |    25 ||    25

Table legend:
 A = Non-vault XP
 B = Vault XP
 C = Vault XP percentage of total XP
 D = Non-vault monster count
 E = Vault monster count
 F = Vault count percentage of total count
                 A         B        C        D         E       F
            +---------+---------+-------+---------+---------+-------
      Total |    2808 |     311 |  10.0 |     127 |       9 |   6.6
            +---------+---------+-------+---------+---------+-------
        D:1 |      37 |       0 |   0.0 |      22 |       0 |   0.0
        D:2 |      39 |      32 |  45.1 |      17 |       1 |   5.6
        D:3 |      99 |     157 |  61.3 |      14 |       1 |   6.7
        D:4 |     456 |       4 |   0.9 |      28 |       2 |   6.7
        D:5 |     969 |     118 |  10.9 |      17 |       5 |  22.7
        D:6 |     280 |       0 |   0.0 |      10 |       0 |   0.0
        D:7 |     928 |       0 |   0.0 |      19 |       0 |   0.0
            +---------+---------+-------+---------+---------+-------
